Workbook

Sheet READ ME
B2: UK Portfolio Tracker — ISA · SIPP · GIA (Flagship Template)
B3: Free template by Avex AI · avexai.io · Not investment or tax advice
B5: WHAT THIS IS:
B6: A wrapper-aware portfolio tracker for UK investors: every holding across every broker, live prices in Google Sheets, GBX/pence handled correctly, and a dashboard with allocation and concentration checks.
B8: SETUP (5 MINUTES):
B9: 1. Upload to Google Drive → open → File → Save as Google Sheets. (Live prices use GOOGLEFINANCE, which only works in Google Sheets. In Excel, use the 'Manual price £' column instead — everything else works.)
B10: 2. 'Holdings' tab: one row per holding. Fill columns A–F plus the Sheets symbol (e.g. LON:VWRL, NASDAQ:AAPL) and the Quote currency.
B11: 3. Quote currency is the trap that breaks every other template: some London lines quote in POUNDS (GBP), others in PENCE (GBX) — check each on google.com/finance once. USD holdings convert via the live FX rate on the Dashboard.
B12: 4. 'Transactions' tab: log buys/sells; update Units and Avg cost in Holdings after each trade.
B13: 5. 'Dashboard' tab: totals by wrapper, largest position, concentration — updates itself.
B15: WHAT IT DELIBERATELY DOESN'T DO:
B16: • Section 104 / 30-day CGT matching — use the free Avex CGT Calculator (browser-only) for that.
... B19: Free template by Avex AI — the graduation path is avexai.io when the spreadsheet stops being fun.

Sheet Holdings
A1: Ticker | B1: Name | C1: Wrapper | D1: Broker | E1: Units | F1: Avg cost £/unit | G1: Cost basis £ | H1: Sheets symbol | I1: Quote ccy | J1: Live price (Sheets) | K1: Manual price £ | L1: Price £ used | M1: Value £ | N1: Gain/loss £ | O1: Weight %
G2: =IF(OR(E2="",F2=""),"",E2*F2) | J2: =IF(H2="","",GOOGLEFINANCE(H2)) | L2: =IF(K2<>"",K2,IF(OR(H2="",ISERROR(J2)),"",IF(I2="GBX",J2/100,IF(I2="USD",J2*Dashboard!$C$8,J2)))) | M2: =IF(OR(E2="",L2=""),"",E2*L2) | N2: =IF(OR(M2="",G2=""),"",M2-G2) | O2: =IF(OR(M2="",Dashboard!$C$3=0),"",M2/Dashboard!$C$3)
G3: =IF(OR(E3="",F3=""),"",E3*F3) | J3: =IF(H3="","",GOOGLEFINANCE(H3)) | L3: =IF(K3<>"",K3,IF(OR(H3="",ISERROR(J3)),"",IF(I3="GBX",J3/100,IF(I3="USD",J3*Dashboard!$C$8,J3)))) | M3: =IF(OR(E3="",L3=""),"",E3*L3) | N3: =IF(OR(M3="",G3=""),"",M3-G3) | O3: =IF(OR(M3="",Dashboard!$C$3=0),"",M3/Dashboard!$C$3)
G4: =IF(OR(E4="",F4=""),"",E4*F4) | J4: =IF(H4="","",GOOGLEFINANCE(H4)) | L4: =IF(K4<>"",K4,IF(OR(H4="",ISERROR(J4)),"",IF(I4="GBX",J4/100,IF(I4="USD",J4*Dashboard!$C$8,J4)))) | M4: =IF(OR(E4="",L4=""),"",E4*L4) | N4: =IF(OR(M4="",G4=""),"",M4-G4) | O4: =IF(OR(M4="",Dashboard!$C$3=0),"",M4/Dashboard!$C$3)
G5: =IF(OR(E5="",F5=""),"",E5*F5) | J5: =IF(H5="","",GOOGLEFINANCE(H5)) | L5: =IF(K5<>"",K5,IF(OR(H5="",ISERROR(J5)),"",IF(I5="GBX",J5/100,IF(I5="USD",J5*Dashboard!$C$8,J5)))) | M5: =IF(OR(E5="",L5=""),"",E5*L5) | N5: =IF(OR(M5="",G5=""),"",M5-G5) | O5: =IF(OR(M5="",Dashboard!$C$3=0),"",M5/Dashboard!$C$3)
G6: =IF(OR(E6="",F6=""),"",E6*F6) | J6: =IF(H6="","",GOOGLEFINANCE(H6)) | L6: =IF(K6<>"",K6,IF(OR(H6="",ISERROR(J6)),"",IF(I6="GBX",J6/100,IF(I6="USD",J6*Dashboard!$C$8,J6)))) | M6: =IF(OR(E6="",L6=""),"",E6*L6) | N6: =IF(OR(M6="",G6=""),"",M6-G6) | O6: =IF(OR(M6="",Dashboard!$C$3=0),"",M6/Dashboard!$C$3)
G7: =IF(OR(E7="",F7=""),"",E7*F7) | J7: =IF(H7="","",GOOGLEFINANCE(H7)) | L7: =IF(K7<>"",K7,IF(OR(H7="",ISERROR(J7)),"",IF(I7="GBX",J7/100,IF(I7="USD",J7*Dashboard!$C$8,J7)))) | M7: =IF(OR(E7="",L7=""),"",E7*L7) | N7: =IF(OR(M7="",G7=""),"",M7-G7) | O7: =IF(OR(M7="",Dashboard!$C$3=0),"",M7/Dashboard!$C$3)
G8: =IF(OR(E8="",F8=""),"",E8*F8) | J8: =IF(H8="","",GOOGLEFINANCE(H8)) | L8: =IF(K8<>"",K8,IF(OR(H8="",ISERROR(J8)),"",IF(I8="GBX",J8/100,IF(I8="USD",J8*Dashboard!$C$8,J8)))) | M8: =IF(OR(E8="",L8=""),"",E8*L8) | N8: =IF(OR(M8="",G8=""),"",M8-G8) | O8: =IF(OR(M8="",Dashboard!$C$3=0),"",M8/Dashboard!$C$3)
G9: =IF(OR(E9="",F9=""),"",E9*F9) | J9: =IF(H9="","",GOOGLEFINANCE(H9)) | L9: =IF(K9<>"",K9,IF(OR(H9="",ISERROR(J9)),"",IF(I9="GBX",J9/100,IF(I9="USD",J9*Dashboard!$C$8,J9)))) | M9: =IF(OR(E9="",L9=""),"",E9*L9) | N9: =IF(OR(M9="",G9=""),"",M9-G9) | O9: =IF(OR(M9="",Dashboard!$C$3=0),"",M9/Dashboard!$C$3)
G10: =IF(OR(E10="",F10=""),"",E10*F10) | J10: =IF(H10="","",GOOGLEFINANCE(H10)) | L10: =IF(K10<>"",K10,IF(OR(H10="",ISERROR(J10)),"",IF(I10="GBX",J10/100,IF(I10="USD",J10*Dashboard!$C$8,J10)))) | M10: =IF(OR(E10="",L10=""),"",E10*L10) | N10: =IF(OR(M10="",G10=""),"",M10-G10) | O10: =IF(OR(M10="",Dashboard!$C$3=0),"",M10/Dashboard!$C$3)
G11: =IF(OR(E11="",F11=""),"",E11*F11) | J11: =IF(H11="","",GOOGLEFINANCE(H11)) | L11: =IF(K11<>"",K11,IF(OR(H11="",ISERROR(J11)),"",IF(I11="GBX",J11/100,IF(I11="USD",J11*Dashboard!$C$8,J11)))) | M11: =IF(OR(E11="",L11=""),"",E11*L11) | N11: =IF(OR(M11="",G11=""),"",M11-G11) | O11: =IF(OR(M11="",Dashboard!$C$3=0),"",M11/Dashboard!$C$3)
G12: =IF(OR(E12="",F12=""),"",E12*F12) | J12: =IF(H12="","",GOOGLEFINANCE(H12)) | L12: =IF(K12<>"",K12,IF(OR(H12="",ISERROR(J12)),"",IF(I12="GBX",J12/100,IF(I12="USD",J12*Dashboard!$C$8,J12)))) | M12: =IF(OR(E12="",L12=""),"",E12*L12) | N12: =IF(OR(M12="",G12=""),"",M12-G12) | O12: =IF(OR(M12="",Dashboard!$C$3=0),"",M12/Dashboard!$C$3)
G13: =IF(OR(E13="",F13=""),"",E13*F13) | J13: =IF(H13="","",GOOGLEFINANCE(H13)) | L13: =IF(K13<>"",K13,IF(OR(H13="",ISERROR(J13)),"",IF(I13="GBX",J13/100,IF(I13="USD",J13*Dashboard!$C$8,J13)))) | M13: =IF(OR(E13="",L13=""),"",E13*L13) | N13: =IF(OR(M13="",G13=""),"",M13-G13) | O13: =IF(OR(M13="",Dashboard!$C$3=0),"",M13/Dashboard!$C$3)
... G151: =IF(OR(E151="",F151=""),"",E151*F151) | J151: =IF(H151="","",GOOGLEFINANCE(H151)) | L151: =IF(K151<>"",K151,IF(OR(H151="",ISERROR(J151)),"",IF(I151="GBX",J151/100,IF(I151="USD",J151*Dashboard!$C$8,J151)))) | M151: =IF(OR(E151="",L151=""),"",E151*L151) | N151: =IF(OR(M151="",G151=""),"",M151-G151) | O151: =IF(OR(M151="",Dashboard!$C$3=0),"",M151/Dashboard!$C$3)

Sheet Transactions
A1: Date | B1: Broker | C1: Wrapper | D1: Ticker | E1: Type | F1: Units | G1: Price £/unit | H1: Fees £ | I1: Total £ | J1: Notes
I2: =IF(OR(F2="",G2=""),"",IF(E2="SELL",F2*G2-H2,F2*G2+H2))
I3: =IF(OR(F3="",G3=""),"",IF(E3="SELL",F3*G3-H3,F3*G3+H3))
I4: =IF(OR(F4="",G4=""),"",IF(E4="SELL",F4*G4-H4,F4*G4+H4))
I5: =IF(OR(F5="",G5=""),"",IF(E5="SELL",F5*G5-H5,F5*G5+H5))
I6: =IF(OR(F6="",G6=""),"",IF(E6="SELL",F6*G6-H6,F6*G6+H6))
I7: =IF(OR(F7="",G7=""),"",IF(E7="SELL",F7*G7-H7,F7*G7+H7))
I8: =IF(OR(F8="",G8=""),"",IF(E8="SELL",F8*G8-H8,F8*G8+H8))
I9: =IF(OR(F9="",G9=""),"",IF(E9="SELL",F9*G9-H9,F9*G9+H9))
I10: =IF(OR(F10="",G10=""),"",IF(E10="SELL",F10*G10-H10,F10*G10+H10))
I11: =IF(OR(F11="",G11=""),"",IF(E11="SELL",F11*G11-H11,F11*G11+H11))
I12: =IF(OR(F12="",G12=""),"",IF(E12="SELL",F12*G12-H12,F12*G12+H12))
I13: =IF(OR(F13="",G13=""),"",IF(E13="SELL",F13*G13-H13,F13*G13+H13))
... I301: =IF(OR(F301="",G301=""),"",IF(E301="SELL",F301*G301-H301,F301*G301+H301))

Sheet Dashboard
B2: PORTFOLIO DASHBOARD
B3: Total portfolio value | C3: =SUM(Holdings!M:M)
B4: Total cost basis | C4: =SUM(Holdings!G:G)
B5: Unrealised gain/loss | C5: =C3-C4
B7: FX & live data (Google Sheets only)
B8: USD → GBP rate | C8: =GOOGLEFINANCE("CURRENCY:USDGBP")
B10: By wrapper
B11: ISA value | C11: =SUMIFS(Holdings!M:M,Holdings!C:C,"ISA")
B12: SIPP value | C12: =SUMIFS(Holdings!M:M,Holdings!C:C,"SIPP")
B13: GIA value (taxable) | C13: =SUMIFS(Holdings!M:M,Holdings!C:C,"GIA")
B15: Concentration
B16: Largest position weight | C16: =IF(C3=0,"",MAX(Holdings!O:O))
B17: Largest position | C17: =IF(C3=0,"",INDEX(Holdings!A:A,MATCH(MAX(Holdings!O:O),Holdings!O:O,0)))
B18: Top 3 combined weight | C18: =IF(C3=0,"",SUM(LARGE(Holdings!O2:O151,1),LARGE(Holdings!O2:O151,2),LARGE(Holdings!O2:O151,3)))
B19: 10% single-position check | C19: =IF(C3=0,"",IF(C16>0.1,"⚠ Largest position above the common 10% guideline","✓ No position above 10%"))
B21: CGT matching, ETF look-through and stress-testing live at avexai.io — this sheet is the manual version.

Sheet Reference
B2: THE GBX / PENCE TRAP:
B3: Many London-listed shares quote in pence (GBX): a price of 1,234 means £12.34. Some LSE lines (several ETFs) quote in pounds. GOOGLEFINANCE returns whatever the exchange quotes — that's why every holding has a 'Quote ccy' setting. Check each symbol once at google.com/finance.
B5: SECTION 104 IN ONE PARAGRAPH:
B6: For UK CGT, all shares of the same class pool at average cost. Sales match: same-day buys first, then buys within the NEXT 30 days, then the pool. This sheet records; the matching math runs in the free Avex CGT Calculator (browser-only, private).
B8: MAINTENANCE: update Units/Avg cost after each trade · re-check quote currencies quarterly · keep broker CSV exports as your evidence trail (see the Broker Export Cheat-Sheet).
